 Dungeon Crawl Stone Soup version 0.17.0-22-g5edae84 (webtiles) character file.

61 Jaden271 the Ducker (level 3, 0/18 (19) HPs)
             Began as a Spriggan Chaos Knight on Nov 12, 2015.
             Slain by Terence
             ... wielding a +0 flail
              (7 damage)
             ... on level 2 of the Dungeon.
             The game lasted 00:10:29 (2215 turns).

Jaden271 the Ducker (Spriggan Chaos Knight)         Turns: 2215, Time: 00:10:29

HP:   0/18 (19)     AC:  4    Str:  8    XL:     3   Next: 83%
MP:   4/4           EV: 19    Int: 13    God:    Xom [..*...]
Gold: 43            SH:  0    Dex: 16    Spells: 0 memorised, 2 levels left

rFire  . . .     SeeInvis +     a - +0 short sword (chaos)
rCold  . . .     Clarity  .     b - +2 robe
rNeg   . . .     SustAt   .     (shield restricted)
rPois  .         Gourm    .     (helmet restricted)
rElec  .         Spirit   .     (no cloak)
rCorr  .         Warding  .     (gloves unavailable)
rMut   .         Stasis   .     (boots unavailable)
MR     .....                    (no amulet)
Stlth  ++........               (no ring)
                                (no ring)

@: very quick, not resistant to hostile enchantments, unstealthy
A: unfitting armour, see invisible, herbivore 3, speed 3, slow metabolism 2
a: Renounce Religion


You were on level 2 of the Dungeon.
You worshipped Xom.
You were a toy of Xom.
You were not hungry.

You visited 1 branch of the dungeon, and saw 2 of its levels.

You collected 43 gold pieces.

Inventory:

Hand Weapons
 a - a +0 short sword of chaos (weapon)
Armour
 b - a +2 robe (worn)
Jewellery
 k - an uncursed amulet of resist corrosion {unknown}
Wands
 m - a wand of digging (8)
Scrolls
 j - a scroll of identify
Potions
 d - 2 potions of magic
 e - 3 potions of degeneration {unknown}
 f - a potion of haste {unknown}
 g - 2 potions of curing {unknown}
 h - a potion of brilliance {unknown}
 i - a potion of resistance {unknown}
Comestibles
 c - 3 bread rations
 l - a chunk of flesh
 n - a slice of pizza


   Skills:
 + Level 2.8 Fighting
 * Level 4.2 Short Blades
 + Level 4.5 Dodging
 + Level 0.4 Stealth


You had 2 spell levels left.
You didn't know any spells.

Dungeon Overview and Level Annotations

Branches:
Dungeon (2/15)

Altars:

Annotations:
D:2 Terence


Innate Abilities, Weirdness & Mutations

You are tiny and cannot use many weapons and most armour.
You have supernaturally acute eyesight.
You are a herbivore.
You cover ground extremely quickly.
You need consume almost no food.


Message History

Terence closely misses you. The goblin hits you but does no damage.
A rat comes into view.
The goblin closely misses you.
You closely miss the goblin. The goblin hits you but does no damage.
You closely miss the goblin. The goblin hits you but does no damage.
You closely miss the goblin. You hit the goblin.
You kill the goblin!
You barely miss Terence. Terence misses you.
You hit Terence. You burn Terence.
Terence is moderately wounded.
You hit Terence.
Terence is poisoned.
Terence is heavily wounded.
Terence completely misses you.
You hit Terence.
Terence is severely wounded.
Terence hits you with a flail!
You die... "It's all fun and games until someone loses an eye."

.# .# .#
##.###...
#........
#r#####.#
.........r#
...#####@# #.
##@.# #.#
###.. #..##
#..#
.....###.##
#..# #...#..#
..#
#....######.#
#.##.....#..#
#..........##
#..####.....##
#.#
#.......####


You could see Terence and a rat.

Vanquished Creatures
  2 adders
  An ooze (D:2)
  A giant gecko (D:1)
  4 bats
  2 giant cockroaches (D:1)
  6 hobgoblins
  3 jackals (D:1)
  2 kobolds (D:1)
  A ball python (D:1)
  4 giant newts
  6 goblins
  7 rats (D:1)
39 creatures vanquished.

Notes
Turn   | Place    | Note
--------------------------------------------------------------
     0 | D:1      | Jaden271 the Spriggan Chaos Knight began the quest for the Orb.
     0 | D:1      | Reached XP level 1. HP: 11/11 MP: 2/2
    69 | D:1      | XOM: harmless Chrm miscast
   139 | D:1      | XOM: harmless Hex miscast
   316 | D:1      | XOM: cast spell 'Summon Butterflies'
   325 | D:1      | Reached XP level 2. HP: 13/16 MP: 3/3
   351 | D:1      | Reached skill level 4 in Dodging
   677 | D:1      | XOM: smoke on damage
   788 | D:1      | XOM: noise
   801 | D:1      | XOM: colour smoke trail
   847 | D:1      | Reached XP level 3. HP: 13/19 MP: 4/4
  1023 | D:1      | XOM: mild Necr miscast
  1292 | D:1      | XOM: colour smoke trail
  1651 | D:1      | XOM: scenery: 1 doors close
  2020 | D:2      | XOM: potion effect (invisibility)
  2196 | D:2      | Noticed Terence
  2215 | D:2      | Slain by Terence

Action                   || total
-------------------------++-------
Melee: Short sword       ||   146
  Use: Scroll            ||     2
 Stab: Petrifying        ||     1
       Invisible         ||     5
